AoeStats
← elchinaleikazo

Arena

510331045Analyzed
4v4 RM · 2d ago on Sep 30, 2026· 51m 47s· 8 players
Game mode
Random Map
Map size
Large (8 player)
Population
200
Speed
Normal
Resources
Standard
Victory
Conquest
Starting age
Dark Age
Ending age
Imperial Age
RankedLock teamsTeams togetherTeam positionsShared explorationLock speedFull tech treeHidden civsTurbo modeCheats
Victory
Defeat
🇹🇷 Byzantines · Türkiye
1513
+13
🇩🇰 Saracens · Denmark
1511
+13
🇲🇽 Ethiopians · Mexico
1487
+14
🇺🇸 Burgundians · United States
1454
+17
🇦🇷 Spanish · Argentina
1498
-16
🇨🇳 Cumans · China
1464
-15
🇹🇷 Mongols · Türkiye
1453
-14
1402
-12
JAGR | Virus
10:04 Feudal Age
13:43 Castle Age
11:30 Double-Bit Axe
14:38 Bow Saw
14:58 Horse Collar
20:34 Wheelbarrow
22:54 Loom
27:13 Imperial Age
25:00 Scale Mail Armor
25:24 Masonry
25:12 Stone Mining
25:15 Gold Mining
26:05 Heavy Plow
26:41 Chain Mail Armor
27:10 Forging
28:31 Plate Mail Armor
29:23 Two-Man Saw
28:33 Squires
29:19 Iron Casting
29:46 Conscription
29:27 Arson
29:08 Elite Shotel Warrior
31:39 Blast Furnace
31:01 Hand Cart
30:33 Town Watch
31:20 Ballistics
30:51 Fletching
32:49 Royal Heirs
33:17 Bodkin Arrow
33:54 Architecture
34:58 Bracer
37:55 Chemistry
45:04 Capped Ram
46:46 Siege Ram
Chiripa605
6:00 Double-Bit Axe
10:28 Feudal Age
14:15 Castle Age
12:40 Bow Saw
14:20 Horse Collar
18:47 Wheelbarrow
20:40 Two-Man Saw
19:32 Loom
20:11 Heavy Plow
20:55 Gold Mining
21:58 Hand Cart
23:41 Stone Mining
28:03 Imperial Age
25:50 Scale Barding Armor
26:00 Husbandry
25:44 Cavalier
26:05 Light Cavalry
27:44 Chain Barding Armor
29:40 Plate Barding Armor
29:15 Devotion
29:19 Paladin
31:42 Forging
33:07 Crop Rotation
33:20 Iron Casting
34:16 Chemistry
35:44 Blast Furnace
35:21 Town Watch
36:04 Conscription
35:35 Hussar
37:43 Padded Archer Armor
38:48 Ballistics
38:20 Fletching
39:36 Leather Archer Armor
39:09 Arrowslits
39:38 Masonry
40:46 Bodkin Arrow
42:31 Caravan
49:31 Bracer
49:32 Murder Holes
50:08 Architecture
50:22 Capped Ram
WalfTheWolf
10:30 Feudal Age
10:57 Double-Bit Axe
11:17 Horse Collar
17:40 Castle Age
16:18 Loom
17:10 Wheelbarrow
18:32 Bow Saw
24:17 Gold Mining
29:00 Imperial Age
27:06 Scale Barding Armor
27:45 Forging
28:10 Hand Cart
28:23 Bloodlines
28:53 Husbandry
29:53 Heavy Plow
30:09 Elite Mameluke
32:45 Iron Casting
32:25 Capped Ram
34:20 Caravan
35:37 Blast Furnace
34:58 Chain Barding Armor
36:23 Chain Barding Armor
36:59 Bimaristan
38:57 Counterweights
39:04 Fletching
39:50 Plate Barding Armor
41:24 Ballistics
42:05 Chemistry
42:30 Bodkin Arrow
43:37 Padded Archer Armor
45:26 Gold Shaft Mining
45:09 Masonry
46:32 Bracer
47:38 Hoardings
48:06 Siege Engineers
JavelinMen
10:43 Feudal Age
14:29 Castle Age
12:33 Double-Bit Axe
13:10 Horse Collar
14:58 Loom
23:20 Imperial Age
22:31 Bow Saw
22:21 Fletching
25:10 Chemistry
28:03 Bodkin Arrow
27:30 Elite Skirmisher
31:12 Ballistics
31:02 Padded Archer Armor
34:14 Wheelbarrow
35:17 Bracer
35:33 Leather Archer Armor
38:32 Ring Archer Armor
39:43 Two-Man Saw
40:00 Conscription
40:07 Thumb Ring
41:09 Hand Cart
40:39 Pikeman
41:19 Squires
42:02 Scale Mail Armor
42:13 Forging
43:25 Heavy Plow
43:41 Chain Mail Armor
43:36 Forging
44:27 Halberdier
47:13 Gold Mining
47:15 Stone Mining
48:14 Crop Rotation
48:47 Plate Mail Armor
48:52 Iron Casting
48:36 Caravan
49:33 Iron Casting
50:37 Bombard Tower
51:30 Treadmill Crane
double barrack mountain king
10:42 Feudal Age
14:06 Castle Age
12:21 Double-Bit Axe
13:49 Horse Collar
15:32 Heavy Plow
22:38 Wheelbarrow
24:02 Gold Mining
24:24 Bow Saw
24:07 Stone Mining
24:51 Hand Cart
26:53 Squires
26:56 Scale Mail Armor
29:44 Imperial Age
27:52 Chain Mail Armor
27:59 Forging
28:43 Gold Shaft Mining
27:53 Pikeman
28:22 Arson
28:41 Padded Archer Armor
28:35 Fletching
29:37 Iron Casting
29:35 Loom
29:36 Town Watch
29:56 Elite Varangian Guard
29:57 Halberdier
31:09 Plate Mail Armor
31:12 Gambesons
31:38 Guard Tower
31:45 Bodkin Arrow
31:37 Crossbowman
32:38 Shield Wall
33:32 Bracer
33:58 Conscription
34:58 Arbalester
35:53 Thumb Ring
38:11 Keep
37:56 Ballistics
38:37 Chemistry
38:00 Ballistics
37:38 Murder Holes
39:23 Arrowslits
39:55 Fortified Wall
40:26 Keep
40:53 Masonry
40:24 Treadmill Crane
45:44 Town Patrol
NorthOrigin
8:21 Feudal Age
9:07 Double-Bit Axe
10:35 Horse Collar
15:11 Wheelbarrow
21:11 Castle Age
20:34 Loom
22:00 Bloodlines
21:57 Gold Mining
25:35 Imperial Age
22:45 Capped Ram
23:23 Fletching
24:30 Bow Saw
24:37 Bodkin Arrow
27:25 Chemistry
26:54 Conscription
27:25 Parthian Tactics
27:02 Padded Archer Armor
29:28 Leather Archer Armor
29:22 Thumb Ring
32:08 Ballistics
33:08 Ring Archer Armor
34:14 Elite Kipchak
35:23 Stone Mining
35:52 Cuman Mercenaries
39:23 Gold Shaft Mining
41:55 Scale Barding Armor
41:46 Light Cavalry
elchinaleikazo
10:56 Feudal Age
11:51 Loom
15:13 Castle Age
14:07 Double-Bit Axe
14:38 Horse Collar
21:59 Wheelbarrow
23:31 Hand Cart
27:41 Imperial Age
25:39 Atonement
25:44 Inquisition
25:50 Husbandry
26:49 Redemption
27:27 Scale Barding Armor
27:34 Bloodlines
28:41 Chain Barding Armor
27:46 Cavalier
28:37 Forging
30:15 Plate Barding Armor
29:39 Town Watch
31:52 Iron Casting
33:36 Paladin
36:48 Paladin
36:56 Paladin
KhanShinnok
7:17 Loom
10:41 Feudal Age
11:59 Loom
15:10 Castle Age
14:40 Double-Bit Axe
14:38 Horse Collar
15:52 Heavy Plow
18:47 Fletching
21:45 Gold Mining
21:47 Stone Mining
22:47 Bow Saw
23:34 Bodkin Arrow
24:58 Ballistics
26:19 Padded Archer Armor
28:35 Leather Archer Armor
32:08 Gold Shaft Mining
32:11 Stone Shaft Mining
32:16 Masonry
33:25 Fortified Wall
38:21 Imperial Age
38:26 Elite Mangudai
40:12 Chemistry
40:11 Bracer
42:20 Scale Barding Armor
42:28 Forging
Connection lost

Rejoining the realm…

Still unreachable

The connection could not be restored.

Session expired

The server has moved on; the page needs a fresh start.